 Dungeon Crawl Stone Soup version 0.27.1-33-g824d729ab1 (webtiles) character file.

Game seed: 356866792601150461

32 MisterFreud the Chopper (level 3, 0/31 HPs)
             Began as a Hill Orc Abyssal Knight on Dec 20, 2021.
             Was a Believer of Lugonu.
             Slain by a quokka (2 damage)
             ... on level 2 of the Dungeon.
             The game lasted 00:03:08 (2239 turns).

MisterFreud the Chopper (Hill Orc Abyssal Knight)   Turns: 2239, Time: 00:03:09

Health: 0/31       AC:  3    Str: 15    XL:     3   Next: 27%
Magic:  4/4        EV: 11    Int: 12    God:    Lugonu [**....]
Gold:   14         SH:  0    Dex: 10    Spells: 2/2 levels left

rFire    . . .     SeeInvis .   a - +1 hand axe
rCold    . . .     Faith    .   (no shield)
rNeg     . . .     Spirit   .   b - +0 leather armour
rPois    .         Reflect  .   (no helmet)
rElec    .         Harm     .   (no cloak)
rCorr    .         Rampage  .   (no gloves)
Will     .....                  (no boots)
Stlth    +.........             (no amulet)
HPRegen  0.10/turn              (no ring)
MPRegen  0.09/turn              (no ring)

@: no status effects
A: no striking features
a: Renounce Religion, Depart the Abyss, Bend Space


You were on level 2 of the Dungeon.
You worshipped Lugonu.
Lugonu was pleased with you.
You visited 1 branch of the dungeon, and saw 2 of its levels.
You visited the Abyss 1 time.

You collected 56 gold pieces.
You spent 42 gold pieces at shops.

Inventory:

Hand Weapons
 a - a +1 hand axe (weapon)
Armour
 b - a +0 leather armour (worn)
Scrolls
 c - a scroll of immolation {unknown}
 e - a scroll of amnesia {unknown}
 f - 2 scrolls of identify {unknown}
Potions
 d - a potion of degeneration {unknown}
 g - 2 potions of curing
 h - a potion of heal wounds {unknown}


   Skills:
 - Level 3.6 Fighting
 + Level 4.8 Axes
 - Level 2.1 Armour
 - Level 0.7 Dodging
 - Level 2.4 Invocations


You had 2 spell levels left.
You didn't know any spells.
Your spell library contained the following spells:

 Spells                   Type           Power      Damage    Failure   Level
 Slow                     Hex            0%         N/A       52%         2
 Confusing Touch          Hex            0%         N/A       77%         3
 Vampiric Draining        Necr           0%         2d6       77%         3


Dungeon Overview and Level Annotations

Branches:
Dungeon (2/15)

Altars:

Shops:
D:2 !

Annotations:
D:2 Jessica


Message History

A quokka comes into view.
The jackal closely misses you.
You hit the jackal.
The jackal is almost dead.
The jackal barely misses you.
You hit the jackal.
You kill the jackal!
Lugonu accepts your kill.
You completely miss the jackal. You barely miss the quokka.
The jackal bites you. The quokka completely misses you.
The jackal bites you but does no damage.
The quokka barely misses you.
You barely miss the jackal. You hit the quokka. You closely miss the jackal.
The jackal barely misses you. The jackal bites you.
The quokka barely misses you. The jackal bites you.
You are too injured to fight recklessly!
You are too injured to fight recklessly!
You are too injured to fight recklessly!
Unknown command.
You closely miss the jackal. You hit the quokka. You closely miss the jackal.
The jackal closely misses you. The quokka bites you.
* * * LOW HITPOINT WARNING * * *
The jackal bites you.
* * * LOW HITPOINT WARNING * * *
The jackal barely misses you.
You closely miss the jackal. You hit the jackal but do no damage.
You barely miss the quokka. The jackal misses you. The jackal bites you.
* * * LOW HITPOINT WARNING * * *
The quokka completely misses you.
The jackal bites you but does no damage. x2
Unknown command.
The quokka bites you but does no damage.
The jackal closely misses you.
The quokka bites you but does no damage.
The jackal barely misses you. The quokka bites you.
* * * LOW HITPOINT WARNING * * *
You barely miss the jackal. x2; You barely miss the quokka.
The jackal bites you but does no damage.
The jackal closely misses you. The quokka bites you.
You die...

#.........# #.....#...##
#####....†<....# .
#≈≈≈#[....##...#######..
≈≈≈≈≈...................
≈≈∩≈≈...).?...#........#
≈≈.≈≈....#..............
#≈.≈.........##h........
#.............hh@.......
#............##r........
#..>.........##.........
######..................
#..................
#.........[...###..
#...?.........# .
#.............#
####..........


You could see a quokka and 3 jackals.

Vanquished Creatures
  A dart slug (D:1)
  An orc (D:2)
  4 ball pythons
  4 endoplasms
  A giant cockroach (D:1)
  4 goblins (D:1)
  A jackal (D:2)
  A kobold (D:1)
  2 bats (D:1)
  2 frilled lizards
  7 rats (D:1)
28 creatures vanquished.

Vanquished Creatures (others)
  2 plants (D:2)
2 creatures vanquished.

Grand Total: 30 creatures vanquished

Notes
Turn   | Place    | Note
-------+----------+-------------------------------------------
     0 | Abyss:1  | MisterFreud the Hill Orc Abyssal Knight began the quest for
                  | the Orb.
     0 | Abyss:1  | Reached XP level 1. HP: 19/19 MP: 2/2
    11 | D:1      | Escaped the Abyss
   218 | D:1      | Reached skill level 3 in Axes
   361 | D:1      | Found a faded altar of an unknown god.
   657 | D:1      | Reached XP level 2. HP: 26/26 MP: 3/3
  1069 | D:1      | Reached skill level 4 in Axes
  1789 | D:1      | Reached XP level 3. HP: 31/31 MP: 4/4
  1970 | D:2      | Noticed Jessica
  2014 | D:2      | Found Xattius's Distillery.
  2193 | D:2      | Reached ** piety under Lugonu
  2208 | D:2      | Bought a potion of curing for 42 gold pieces
  2239 | D:2      | Slain by a quokka

Illustrated notes

Levels and vault maps discovered:
D:1:      minmay_arrival_stair_chambers, layout_basic,
          hellmonk_ecumenical_altar_heavens_door
D:2:      layout_rooms, serial_shops, shop, nicolae_shop_waterfront, shop,
          nicolae_shop_overgrown_old_shop, shop, uniq_natasha, uniq_jessica

Skill      XL: |  1  2 |
---------------+-------+-----
Axes           | 3 4 |  4.8
Fighting       | |  3.6
Armour         | |  2.1
Dodging        | |  0.7
Invocations    | |  2.4

Action                   || total
-------------------------++-------
Melee: Hand axe          ||    91
Armor: Leather armour    ||    28
Dodge: Dodged            ||    68
